 Dungeon Crawl Stone Soup version 0.21-a0-344-g2144152 (webtiles) character file.

133 Amnesiac the Destroyer (level 5, 0/37 HPs)
             Began as a Gnoll Conjurer on Oct 4, 2017.
             Slain by a gnoll
             ... wielding a +0 flail
              (6 damage)
             ... on level 3 of the Dungeon.
             The game lasted 00:02:28 (1670 turns).

Amnesiac the Destroyer (Gnoll Conjurer)             Turns: 1670, Time: 00:02:28

Health: 0/37       AC:  2    Str: 11    XL:     5   Next: 16%
Magic:  0/12       EV: 15    Int: 18    God:
Gold:   110        SH:  0    Dex: 15    Spells: 13/14 levels left

rFire    . . .     SeeInvis .   e - +1 dagger
rCold    . . .     Gourm    .   (no shield)
rNeg     . . .     Faith    .   a - +0 robe
rPois    .         Spirit   .   (no helmet)
rElec    .         Reflect  .   (no cloak)
rCorr    .         Harm     .   (no gloves)
MR       .....                  (no boots)
Stlth    +++.......             (no amulet)
HPRegen  0.12/turn              (no ring)
MPRegen  0.13/turn              (no ring)

@: hasted, very quick
A: distributed training, fangs 1, strong nose
a: no special abilities


You were on level 3 of the Dungeon.
You were not hungry.

You visited 1 branch of the dungeon, and saw 3 of its levels.

You collected 110 gold pieces.

Inventory:

Hand Weapons
 e - a +1 dagger (weapon)
 r - a +1 dagger of distortion
 t - a +0 hunting sling
Missiles
 i - 38 poisoned needles
 s - 14 sling bullets
Armour
 a - a +0 robe (worn)
Jewellery
 p - an uncursed amulet of guardian spirit {unknown}
Scrolls
 f - 2 scrolls of remove curse {!r, unknown}
 g - 4 scrolls of identify {!r, unknown}
 j - 2 scrolls of blinking {!r, unknown}
 k - a scroll of noise {!r, unknown}
 n - a scroll of random uselessness {!r, unknown}
Books
 b - a book of Conjurations

   Spells                             Type                      Level
   a - Magic Dart                     Conjuration                  1
   b - Searing Ray                    Conjuration                  2
   c - Dazzling Spray                 Conjuration/Hexes            3
   d - Fulminant Prism                Conjuration/Hexes            4
   e - Force Lance                    Conjuration/Translocation    4
   f - Iskenderun's Mystic Blast      Conjuration                  4
Comestibles
 c - a bread ration
 d - a royal jelly
 h - 2 fruits
 m - 3 meat rations


   Skills:
 + Level 1.3 Fighting
 + Level 1.3 Short Blades
 + Level 1.3 Long Blades
 + Level 1.3 Axes
 + Level 1.3 Maces & Flails
 + Level 1.3 Polearms
 + Level 1.3 Staves
 + Level 1.3 Slings
 + Level 1.3 Bows
 + Level 1.3 Crossbows
 + Level 1.3 Throwing
 + Level 1.3 Armour
 + Level 4.7 Dodging
 + Level 4.3 Stealth
 + Level 1.3 Shields
 + Level 1.3 Unarmed Combat
 + Level 5.1 Spellcasting
 + Level 8.6 Conjurations
 + Level 1.3 Hexes
 + Level 1.3 Charms
 + Level 1.3 Summonings
 + Level 1.3 Necromancy
 + Level 1.3 Translocations
 + Level 1.3 Transmutations
 + Level 1.3 Fire Magic
 + Level 1.3 Ice Magic
 + Level 1.3 Air Magic
 + Level 1.3 Earth Magic
 + Level 1.3 Poison Magic
 + Level 1.3 Invocations
 + Level 1.3 Evocations


You had 13 spell levels left.
You knew the following spells:

 Your Spells              Type           Power        Failure   Level  Hunger
a - Magic Dart            Conj           ####         1%          1    None


Dungeon Overview and Level Annotations

Branches:
Dungeon (3/15)

Altars:
Nemelex Xobeh
Qazlal
Uskayaw
Wu Jian
Yredelemnul
The Shining One


Innate Abilities, Weirdness & Mutations

Your experience applies equally to all skills.
You have very sharp teeth.
Your uncanny sense of smell can sniff out nearby items.


Message History

The kobold hits you with a short sword.
* * * LOW HITPOINT WARNING * * *
The gnoll hits you with a flail!
* * * LOW HITPOINT WARNING * * *
The kobold hits you but does no damage. The gnoll misses you.
There is an open door here.
You see here a club.
Casting: Magic Dart
Confirm with . or Enter, or press ? or * to list all spells.
Aiming: Magic Dart
Press: ? - help, Shift-Dir - straight line, f/p - hobgoblin
Aim: a hobgoblin, wielding a club (heavily wounded)
The magic dart hits the hobgoblin.
The hobgoblin is heavily wounded.
The hobgoblin hits you with a club.
* * * LOW HITPOINT WARNING * * *
Casting: Magic Dart
Confirm with . or Enter, or press ? or * to list all spells.
Aiming: Magic Dart
Press: ? - help, Shift-Dir - straight line, f/p - hobgoblin
Aim: a hobgoblin, wielding a club (heavily wounded)
The magic dart hits the hobgoblin.
You kill the hobgoblin!
Okay, then.
The gnoll closely misses you.
Things that are here:
a club; a whip; a hobgoblin corpse
There is an open door here.
You see here a hobgoblin corpse.
You see here 16 gold pieces.
There's something blocking the doorway.
Really quaff
l - a fizzy dark potion {!q}?
It was a potion of haste {!q}.
You feel yourself speed up.
You see here 9 gold pieces.
You aren't carrying any potions.
Really read
o - a scroll labeled FUYPOM LYIG {!r}?
As you read the scroll labeled FUYPOM LYIG {!r}, it crumbles to dust.
It is a scroll of enchant weapon.
Your +0 dagger glows red for a moment.
The gnoll misses you. The big kobold closely misses you.
You see here 10 gold pieces.
The kobold misses you. The gnoll completely misses you.
The big kobold completely misses you.
You see here 8 gold pieces.
Casting: Magic Dart
Confirm with . or Enter, or press ? or * to list all spells.
Aiming: Magic Dart
Press: ? - help, Shift-Dir - straight line, f - kobold
Aim: a kobold, wielding a short sword The magic dart hits the kobold.
The kobold is severely wounded.
The kobold completely misses you.
Casting: Magic Dart
Confirm with . or Enter, or press ? or * to list all spells.
Aiming: Magic Dart
Press: ? - help, Shift-Dir - straight line, f/p - kobold
Aim: a kobold, wielding a short sword (severely wounded)
The magic dart hits the kobold.
The kobold is severely wounded.
The big kobold hits you with a dagger.
* * * LOW HITPOINT WARNING * * *
The gnoll hits you with a flail.
You die...

### ########...#
..## ##......#...#
...###......)#.).#
....#.......)##)##
....#..........)#
....)...........#
....#.....K.K.)†#
....#........##K##
...###.......#$K@#
..## ##......#.g$#
### ########$.$#
#####


You could see a big kobold, a gnoll and a kobold.

Vanquished Creatures
  Jessica (D:3)
  3 gnolls (D:3)
  A worm (D:2)
  2 dart slugs
  7 giant cockroaches
  12 goblins
  13 hobgoblins
  3 jackals (D:2)
  7 kobolds
  5 bats
  3 frilled lizards
  10 rats
67 creatures vanquished.

Notes
Turn   | Place    | Note
-------+----------+-------------------------------------------
     0 | D:1      | Amnesiac the Gnoll Conjurer began the quest for the Orb.
     0 | D:1      | Reached XP level 1. HP: 13/13 MP: 6/6
    81 | D:1      | Reached XP level 2. HP: 19/19 MP: 1/7
   577 | D:2      | Reached XP level 3. HP: 25/25 MP: 6/9
   660 | D:2      | Reached skill level 5 in Spellcasting
   900 | D:2      | Found a stormy altar of Qazlal.
   907 | D:2      | Found an ornate altar of the Wu Jian Council.
   907 | D:2      | Found a hide-covered altar of Uskayaw.
   907 | D:2      | Found a sparkling altar of Nemelex Xobeh.
   909 | D:2      | Found a glowing golden altar of the Shining One.
   910 | D:2      | Found a basalt altar of Yredelemnul.
  1214 | D:3      | Noticed Jessica
  1219 | D:3      | Reached skill level 1 in Fighting
  1219 | D:3      | Reached skill level 1 in Short Blades
  1219 | D:3      | Reached skill level 1 in Long Blades
  1219 | D:3      | Reached skill level 1 in Axes
  1219 | D:3      | Reached skill level 1 in Maces & Flails
  1219 | D:3      | Reached skill level 1 in Polearms
  1219 | D:3      | Reached skill level 1 in Staves
  1219 | D:3      | Reached skill level 1 in Slings
  1219 | D:3      | Reached skill level 1 in Bows
  1219 | D:3      | Reached skill level 1 in Crossbows
  1219 | D:3      | Reached skill level 1 in Throwing
  1219 | D:3      | Reached skill level 1 in Armour
  1219 | D:3      | Reached skill level 1 in Shields
  1219 | D:3      | Reached skill level 1 in Unarmed Combat
  1219 | D:3      | Reached skill level 1 in Hexes
  1219 | D:3      | Reached skill level 1 in Charms
  1219 | D:3      | Reached skill level 1 in Summonings
  1219 | D:3      | Reached skill level 1 in Necromancy
  1219 | D:3      | Reached skill level 1 in Translocations
  1219 | D:3      | Reached skill level 1 in Transmutations
  1219 | D:3      | Reached skill level 1 in Fire Magic
  1219 | D:3      | Reached skill level 1 in Ice Magic
  1219 | D:3      | Reached skill level 1 in Air Magic
  1219 | D:3      | Reached skill level 1 in Earth Magic
  1219 | D:3      | Reached skill level 1 in Poison Magic
  1219 | D:3      | Reached skill level 1 in Invocations
  1219 | D:3      | Reached skill level 1 in Evocations
  1219 | D:3      | Reached XP level 4. HP: 24/32 MP: 4/11
  1385 | D:3      | Killed Jessica
  1594 | D:3      | Noticed a big kobold
  1598 | D:3      | Reached XP level 5. HP: 34/37 MP: 7/12
  1670 | D:3      | Slain by a gnoll

Vault maps used:
D:1:      lightli_arrival_chessboard, serial_bayou_lake_a
D:2:      grunt_temple_overflow_open
D:3:      minmay_goblin_kobold_castle, first_bread, uniq_jessica

Skill      XL: |  1  2  3 |
---------------+----------+-----
Spellcasting   | 5 |  5.1
Fighting       | 1 |  1.3
Short Blades   | 1 |  1.3
Long Blades    | 1 |  1.3
Axes           | 1 |  1.3
Maces & Flails | 1 |  1.3
Polearms       | 1 |  1.3
Staves         | 1 |  1.3
Slings         | 1 |  1.3
Bows           | 1 |  1.3
Crossbows      | 1 |  1.3
Throwing       | 1 |  1.3
Armour         | 1 |  1.3
Shields        | 1 |  1.3
Unarmed Combat | 1 |  1.3
Hexes          | 1 |  1.3
Charms         | 1 |  1.3
Summonings     | 1 |  1.3
Necromancy     | 1 |  1.3
Translocations | 1 |  1.3
Transmutations | 1 |  1.3
Fire Magic     | 1 |  1.3
Ice Magic      | 1 |  1.3
Air Magic      | 1 |  1.3
Earth Magic    | 1 |  1.3
Poison Magic   | 1 |  1.3
Invocations    | 1 |  1.3
Evocations     | 1 |  1.3
Dodging        | |  4.7
Stealth        | |  4.3
Conjurations   | |  8.6

Action                   |  1- 3 |  4- 6 || total
-------------------------+-------+-------++-------
Melee: Dagger            |     1 |     9 ||    10
       Bite              |       |     2 ||     2
 Cast: Magic Dart        |    77 |    48 ||   125
  Use: Scroll            |       |     1 ||     1
       Potion            |       |     1 ||     1
 Stab: Sleeping          |     1 |       ||     1
  Eat: Chunk             |     1 |     1 ||     2
Armor: Robe              |     1 |     5 ||     6
Dodge: Dodged            |     9 |    32 ||    41

Table legend:
 A = Spawn XP
 B = Non-spawn XP
 C = Spawn XP percentage of total XP
 D = Spawn monster count
 E = Non-spawn monster count
 F = Spawn count percentage of total count
 G = Total turns spent on level
                    A         B        C        D         E        F      G
               +---------+---------+-------+---------+---------+-------+---------
         Total |       0 |     190 |   0.0 |       0 |      67 |   0.0 |  1670
               +---------+---------+-------+---------+---------+-------+---------
           D:1 |       0 |      32 |   0.0 |       0 |      19 |   0.0 |   575
           D:2 |       0 |      40 |   0.0 |       0 |      24 |   0.0 |   635
           D:3 |       0 |     118 |   0.0 |       0 |      24 |   0.0 |   460
               +---------+---------+-------+---------+---------+-------+---------
